 Dungeon Crawl Stone Soup version 0.27-a0-61-g21144fbd99 (webtiles) character file.

Game seed: 13674280585946528527

225 shakesphere1979 the Sneak (level 6, -1/32 HPs)
             Began as a Kobold Enchanter on Jan 8, 2021.
             Slain by an orc wizard
             ... wielding a +0 dagger
              (6 damage)
             ... on level 4 of the Dungeon.
             The game lasted 00:08:43 (3369 turns).

shakesphere1979 the Sneak (Kobold Enchanter)        Turns: 3369, Time: 00:08:43

Health: -1/32      AC:  3    Str:  5 (6)  XL:     6   Next: 21%
Magic:  11/11      EV: 16    Int: 23      God:
Gold:   326        SH:  0    Dex: 13 (16) Spells: 3/12 levels left

rFire    + . .     SeeInvis .   c - +2 dagger (venom)
rCold    . . .     Faith    .   (shield restricted)
rNeg     . . .     Spirit   .   b - +0 robe
rPois    .         Reflect  .   (no helmet)
rElec    .         Harm     .   (no cloak)
rCorr    .         Rampage  .   r - +0 pair of gloves
Will     .....                  (no boots)
Stlth    ++++......             (no amulet)
HPRegen  0.10/turn              g - +6 ring of intelligence
MPRegen  0.12/turn              s - ring of protection from fire

@: no status effects
A: small, nightstalker 3
a: no special abilities


You were on level 4 of the Dungeon.
You visited 1 branch of the dungeon, and saw 4 of its levels.

You collected 326 gold pieces.

Inventory:

Hand Weapons
 c - a +2 dagger of venom (weapon)
 x - a cursed -1 hand axe
Missiles
 a - 100 stones
 f - 14 poisoned darts
 o - 7 arrows
 q - 25 sling bullets
 t - 22 bolts
Armour
 b - a +0 robe (worn)
 r - a +0 pair of gloves (worn)
Magical Staves
 z - an uncursed staff of earth {unknown}
Jewellery
 g - a +6 ring of intelligence (left hand)
 s - a ring of protection from fire (right hand)
Scrolls
 e - 2 scrolls of magic mapping {unknown}
 i - a scroll of fog {unknown}
 j - 4 scrolls of identify
 l - 4 scrolls of remove curse
 m - 2 scrolls of amnesia
 n - a scroll of teleportation {unknown}
 w - a scroll of fear {unknown}
 y - a scroll of immolation {unknown}
Potions
 d - a potion of ambrosia {unknown}
 h - a potion of haste {unknown}
 k - a potion of degeneration
 p - a potion of experience {unknown}
 u - a potion of invisibility {unknown}
 v - a potion of attraction {unknown}
 A - a potion of heal wounds {unknown}


   Skills:
 - Level 1.3 Short Blades
 + Level 4.1 Dodging
 + Level 5.7 Stealth
 + Level 3.5 Spellcasting
 + Level 4.1 Hexes


You had 3 spell levels left.
You knew the following spells:

 Your Spells              Type           Power        Failure   Level
a - Corona                Hex            25%          1%          1
b - Confusing Touch       Hex            23%          6%          3
c - Tukima's Dance        Hex            23%          6%          3
d - Ensorcelled Hibernat  Hex/Ice        26%          7%          2

Your spell library contained the following spells:

 Spells                   Type           Power        Failure   Level
 Dazzling Flash           Conj/Hex       26%          14%         3


Dungeon Overview and Level Annotations

Branches:
Dungeon (4/15)             Temple (0/1) D:4

Altars:
Okawaru


Innate Abilities, Weirdness & Mutations

You are small and have problems with some larger weapons.
You are completely attuned to the shadows.


Message History

a +0 dagger; a cursed +0 robe You closely miss something.
Something hits you. The orc misses you.
You closely miss something. Something hits you.
You hear some strange, mumbled words.
A magic dart appears from out of thin air!
The magic dart hits you.
You're too confused to move!
The orc barely misses you. Something hits you. The orc misses you.
Something hits you.
* * * LOW HITPOINT WARNING * * *
The orc hits you but does no damage. Something hits you but does no damage.
You feel less confused. The orc closely misses you. Something hits you.
* * * LOW HITPOINT WARNING * * *
You closely miss something. The orc closely misses you.
Something hits you but does no damage.
You closely miss something. The orc misses you. Something hits you.
* * * LOW HITPOINT WARNING * * *
You barely miss something. The orc hits you but does no damage.
Something hits you.
You die...

#.........#.......+...
#.........#.......#..
#.................#..
......###......##.
$.....# #......###
......# #......###
####.####.........
#...o.# #).).@#
#.).?.# #⌠.>.⌠#
#.....# ...⌠...
#......#


You could see an orc.

Vanquished Creatures
  A scorpion (D:2)
  A worker ant (D:4)
  Natasha (D:4)
  An orc wizard (D:4)
  2 adders
  3 oozes
  A worm (D:3)
  2 leopard geckos
  3 orcs
  9 bats
  3 giant cockroaches
  8 goblins
  7 hobgoblins
  3 jackals (D:2)
  10 kobolds
  2 quokkas
  2 frilled lizards
  6 rats
65 creatures vanquished.

Notes
Turn   | Place    | Note
-------+----------+-------------------------------------------
     0 | D:1      | shakesphere1979 the Kobold Enchanter began the quest for
                  | the Orb.
     0 | D:1      | Reached XP level 1. HP: 10/10 MP: 3/3
    74 | D:1      | Reached XP level 2. HP: 15/15 MP: 5/5
   411 | D:1      | Reached XP level 3. HP: 19/19 MP: 6/6
  1490 | D:2      | Noticed a scorpion
  1494 | D:2      | Killed a scorpion
  1495 | D:2      | Reached skill level 5 in Stealth
  1495 | D:2      | Reached XP level 4. HP: 24/24 MP: 8/8
  1564 | D:2      | Reached XP level 5. HP: 28/28 MP: 9/9
  2070 | D:3      | Found a faded altar of an unknown god.
  2113 | D:3      | Noticed a phantom
  2129 | D:3      | HP: 1/28 [phantom (8)]
  2609 | D:3      | Learned a level 3 spell: Confusing Touch
  2613 | D:3      | Learned a level 3 spell: Tukima's Dance
  2616 | D:3      | Learned a level 2 spell: Ensorcelled Hibernation
  2919 | D:3      | Found an iron altar of Okawaru.
  3329 | D:4      | Noticed Natasha
  3333 | D:4      | Killed Natasha
  3334 | D:4      | Reached XP level 6. HP: 32/32 MP: 11/11
  3344 | D:4      | Found a staircase to the Ecumenical Temple.
  3369 | D:4      | Slain by an orc wizard

Illustrated notes

Levels and vault maps discovered:
D:1:      beargit_arrival_greenhouse, layout_basic, st_stairs_5, moated_statue
D:2:      minmay_razor_zed, layout_loops_ring
D:3:      layout_basic, lemuel_coloured_pillars_altar,
          chequers_ecumenical_altar_simple_redux, minmay_misc_feat_chi
D:4:      layout_basic, lemuel_round_altar, temple_fountains,
          minmay_quadrilaterals, uniq_natasha, uniq_robin

Skill      XL: |  1  2  3  4  5 |
---------------+----------------+-----
Dodging        | 3 4 |  4.1
Stealth        | 5 |  5.7
Spellcasting   | 3 |  3.5
Hexes          | 4 |  4.1
Short Blades   | |  1.3

Action                   |  1- 3 |  4- 6 || total
-------------------------+-------+-------++-------
Melee: Dagger            |    42 |    87 ||   129
  Use: Scroll            |       |     2 ||     2
       Potion            |       |     1 ||     1
 Stab: Sleeping          |    20 |    18 ||    38
Armor: Robe              |     3 |    10 ||    13
Dodge: Dodged            |    16 |    47 ||    63

Table legend: (Time is in decaauts)
 A = Elapsed time spent in this place.
 B = Non-inter-level travel time spent in this place.
 C = Inter-level travel time spent in this place.
 D = Time resting spent in this place.
 E = Time spent auto-exploring this place.
 F = Levels seen in this place.
 G = Mean time per level.
                   A        B        C        D        E       F      G
               +--------+--------+--------+--------+--------+-----+--------+
         Total |   3359 |   3302 |     57 |    433 |   2097 |   4 |  839.8 |
       Dungeon |   3359 |   3302 |     57 |    433 |   2097 |   4 |  839.8 |
               +--------+--------+--------+--------+--------+-----+--------+

Top non-repeatable levels by time:
     D:2: 1289 daAuts
     D:3: 1026 daAuts
     D:1: 936 daAuts
     D:4: 106 daAuts
